 Dungeon Crawl Stone Soup version 0.31-a0-222-gefeffbb62a (webtiles) character file.

Game seed: 7791243288222601446

19587 funkygono the Severer (level 12, 0/110 HPs)
             Began as a Minotaur Fighter on July 5, 2023.
             Was a High Priest of Okawaru.
             Slain by a 20-headed hydra (6 damage)
             ... on level 2 of the Lair of Beasts.
             The game lasted 00:24:53 (12388 turns).

funkygono the Severer (Minotaur Fighter)           Turns: 12388, Time: 00:24:54

Health: 0/110      AC: 28    Str: 24    XL:     12   Next: 37%
Magic:  9/12       EV: 10    Int:  5    God:    Okawaru [*****.]
Gold:   1144       SH: 20    Dex: 18    Spells: 11/11 levels left

rFire   . . .        a - +1 war axe (spect)
rCold   + . .        D - +0 tower shield
rNeg    . . .        O - +0 plate armour {rC+}
rPois   .            (helmet restricted)
rElec   .            R - +2 cloak
rCorr   .            U - +2 pair of gloves {hurl}
SInv    +            (no boots)
Will    .....        (no amulet) Stlth
                     S - ring of Faschyz {Dex+6 Slay+2 SInv}
HPRegen 0.38/turn    i - +4 ring of protection
MPRegen 0.13/turn

%: no passive effects
@: heroic
A: horns 2, retaliatory headbutt
a: Renounce Religion, Heroism, Finesse, Duel


You were on level 2 of the Lair of Beasts.
You worshipped Okawaru.
Okawaru was extremely pleased with you.
You visited 3 branches of the dungeon, and saw 14 of its levels.
You also visited: Sewer and Gauntlet.

You collected 1144 gold pieces.

Inventory:

Hand Weapons
 a - a +1 spectral war axe (weapon)
Missiles
 l - 2 throwing nets
 F - 4 boomerangs
 W - 4 javelins
Armour
 D - a +0 tower shield (worn)
 O - a +0 plate armour of cold resistance (worn)
 R - a +2 cloak (worn)
 U - a +2 pair of gloves of hurling (worn)
Jewellery
 i - a +4 ring of protection (right hand)
 S - the ring of Faschyz (left hand) {Dex+6 Slay+2 SInv}
   (You found it on level 10 of the Dungeon)

   [ring of dexterity]

   Dex:       It affects your dexterity (+6).
   Slay:      It affects your accuracy & damage with ranged weapons and melee
   (+2).
   SInv:      It lets you see invisible.
 Y - the ring "Sagral" {Will+ Str+2}
   (You found it in a Gauntlet)

   [ring of willpower]

   Str:       It affects your strength (+2).
   Will:      It increases your willpower.
Wands
 b - a wand of mindburst (7)
 c - a wand of acid (4)
 g - a wand of digging (6)
 u - a wand of flame (39)
 L - a wand of iceblast (17)
 N - a wand of paralysis (22)
Scrolls
 h - 5 scrolls of teleportation
 w - 3 scrolls of fear
 I - a scroll of fog
 M - a scroll of blinking
Potions
 d - 5 potions of might
 f - 2 potions of resistance
 m - 4 potions of invisibility
 p - 3 potions of curing
 r - a potion of heal wounds
 v - 3 potions of haste
 z - 4 potions of cancellation
 C - a potion of berserk rage
 Q - a potion of mutation


   Skills:
 + Level 11.0(16.0) Fighting
 + Level 16.0(21.0) Axes
 + Level 1.7(6.7) Throwing
 + Level 11.3(16.3) Armour
 + Level 3.3(8.3) Dodging
 + Level 2.5(7.5) Stealth
 + Level 10.4(15.4) Shields
 + Level 1.6 Invocations


You had 11 spell levels left.
You didn't know any spells.
Your spell library contained the following spells:

 Spells                   Type           Power      Damage    Failure   Level
 Beastly Appendage        Tmut           0%         N/A       100%        1
 Sandblast                Erth           0%         2d4       100%        1
 Passwall                 Tmut/Erth      0%         N/A       100%        2
 Frozen Ramparts          Ice            0%         1d1       100%        3
 Stone Arrow              Conj/Erth      0%         3d7       100%        3
 Ice Form                 Ice/Tmut       0%         N/A       100%        4
 Iskenderun's Battlesphe  Conj           0%         2d6       100%        5
 Leda's Unmaking          Conj/Erth      0%         9d1       100%        6
 Ozocubu's Refrigeration  Ice            0%         4d7       100%        7
 Storm Form               Tmut/Air       0%         N/A       100%        7
 Polar Vortex             Ice            0%         N/A       100%        9
 Summon Ice Beast         Ice/Summ       Unusable   N/A       N/A         4
 Simulacrum               Ice/Necr       Unusable   N/A       N/A         6
 Spellforged Servitor     Conj/Summ      Unusable   N/A       N/A         7

Dungeon Overview and Level Annotations

Branches:
Dungeon (11/15)            Temple (1/1) D:4            Lair (2/5) D:11
    Orc (0/2) D:10          Sewer (visited)         Gauntlet (visited)
  Swamp: Lair:2-3    Shoals: Lair:2-3     Snake: Lair:2-3    Spider: Lair:2-3

Altars:
Ashenzari
Cheibriados
Dithmenos
Elyvilon
Fedhas
Gozag
Hepliaklqana
Kikubaaqudgha
Makhleb
Nemelex Xobeh
Okawaru
Qazlal
Ru
Sif Muna
Trog
Uskayaw
Vehumet
Wu Jian
Xom
Yredelemnul
Zin
The Shining One

Shops:
D:7 (   D:10 (

Annotations:
D:4 2 runed translucent doors


Innate Abilities, Weirdness & Mutations

You have a pair of horns on your head.
You reflexively headbutt those who attack you in melee.


Message History

You block the 20-headed hydra's attack. x2
The 20-headed hydra barely misses you. You block the 20-headed hydra's attack.
The 20-headed hydra barely misses you. x2
You block the 20-headed hydra's attack. The 20-headed hydra barely misses you.
The 20-headed hydra bites you but does no damage.
The 20-headed hydra bites you!
* * * LOW HITPOINT WARNING * * *
The 20-headed hydra bites you but does no damage. x3
You block the 20-headed hydra's attack.
The 20-headed hydra bites you but does no damage. x2
The 20-headed hydra bites you.
* * * LOW HITPOINT WARNING * * *
You feel much better.
Your +1 spectral war axe disappears.
You block the 20-headed hydra's attack. x3
The 20-headed hydra bites you but does no damage. x2
The 20-headed hydra bites you!
* * * LOW HITPOINT WARNING * * *
The 20-headed hydra bites you but does no damage. x3
You block the 20-headed hydra's attack.
The 20-headed hydra bites you but does no damage. x2
You block the 20-headed hydra's attack. The 20-headed hydra bites you.
* * * LOW HITPOINT WARNING * * *
You block the 20-headed hydra's attack.
The 20-headed hydra bites you but does no damage. x2
The 20-headed hydra misses you.
The 20-headed hydra bites you but does no damage.
The 20-headed hydra completely misses you.
You feel more confident with your borrowed prowess.
The 20-headed hydra closely misses you.
The 20-headed hydra bites you but does no damage.
You block the 20-headed hydra's attack. x2; The 20-headed hydra bites you!
* * * LOW HITPOINT WARNING * * *
The 20-headed hydra bites you but does no damage.
You block the 20-headed hydra's attack.
The 20-headed hydra bites you but does no damage. x3
The 20-headed hydra barely misses you.
You block the 20-headed hydra's attack. x2
The 20-headed hydra bites you but does no damage. x5
The 20-headed hydra bites you.
You die...

#.#.........
##..........
###...........
##.............
###...#.......... #
###.#..#...........
#.#P.....#...........
##.#...†....P...........
......D@................
........................
........................
........................
........................
........................
........................
.......................#
.........P


You could see a 20-headed hydra.

Vanquished Creatures
  A minotaur (Gauntlet)
  Fannar (D:10)
  Pikel (D:8)
  2 worldbinders (Gauntlet)
  2 manticores
  Maurice (D:10)
  A black mamba (Lair:1)
  A smoke demon (Gauntlet)
  A gargoyle (D:11)
  2 cane toads (Lair:1)
  3 komodo dragons
  A rime drake (Lair:1)
  A red devil (Gauntlet)
  A polar bear (Lair:2)
  2 trolls (D:10)
  7 blink frogs
  Prince Ribbit (D:5)
  2 slime creatures (D:5)
  3 centaur simulacra (Gauntlet)
  A shadow (D:11)
  The ghost of hackum the Trooper, an amateur TrFi (D:3)
  Eustachio (D:4)
  A vampire (D:10)
  A wyvern (D:5)
  25 yaks
  2 wraiths
  2 basilisks (Lair:1)
  5 water moccasins
  An ice beast (D:7)
  2 orc warriors
  A sky beast (D:8)
  3 boggarts (Gauntlet)
  9 wolves (Lair:2)
  3 centaurs
  3 lemures (D:8)
  2 phantoms
  5 kobold brigands (D:5)
  Blork the orc (D:4)
  6 bullfrogs
  2 scorpions
  3 wights (D:9)
  A hornet simulacrum (Gauntlet)
  17 killer bees
  2 howler monkeys (D:8)
  3 crimson imps (Gauntlet)
  2 hounds
  A gnoll bouda (D:8)
  6 jellies
  Jessica (D:2)
  9 orc wizards
  Ijyb (D:4)
  4 iguanas
  2 sleepcaps
  6 hell rats (Lair:1)
  9 gnolls
  15 adders
  2 river rats (Sewer)
  2 white imps
  A worm (D:4)
  2 dart slugs
  24 orcs
  21 endoplasms
  4 giant cockroaches
  11 goblins
  13 hobgoblins
  3 jackals (D:2)
  4 quokkas
  14 ball pythons
  9 bats
  5 frilled lizards
  14 kobolds
  29 rats
  A butterfly (D:8)
352 creatures vanquished.

Vanquished Creatures (others)
  3 spectral weapons
3 creatures vanquished.

Grand Total: 355 creatures vanquished

Notes
Turn   | Place    | Note
-------+----------+-------------------------------------------
     0 | D:1      | funkygono the Minotaur Fighter began the quest for the Orb.
     0 | D:1      | Reached XP level 1. HP: 19/19 MP: 0/0
   236 | D:1      | Reached XP level 2. HP: 27/27 MP: 1/1
   390 | D:1      | Reached skill level 3 in Axes
   595 | D:1      | Found a faded altar of an unknown god.
   812 | D:2      | Reached XP level 3. HP: 33/33 MP: 2/2
   881 | D:2      | Noticed Jessica
   889 | D:2      | Killed Jessica
  1026 | D:2      | Reached skill level 4 in Axes
  1026 | D:2      | Reached XP level 4. HP: 40/40 MP: 3/3
  1321 | D:2      | Reached skill level 1 in Dodging
  2029 | D:3      | Found a glowing drain.
  2033 | Sewer    | Entered a sewer
  2057 | Sewer    | Reached XP level 5. HP: 27/47 MP: 4/4
  2357 | Sewer    | Reached skill level 5 in Axes
  2362 | Sewer    | Reached XP level 6. HP: 22/55 MP: 5/5
  2579 | D:3      | Found a runed translucent door.
  2591 | D:3      | Reached skill level 5 in Armour
  2655 | D:3      | Noticed hackum's ghost (amateur TrFi)
  3090 | D:4      | Identified the +9 rapier "Eqiam" {drain, Fly rElec rN+}
  3133 | D:4      | Noticed Blork the orc
  3141 | D:4      | Killed Blork the orc
  3142 | D:4      | Reached skill level 6 in Axes
  3245 | D:4      | Noticed Ijyb
  3251 | D:4      | Killed Ijyb
  3368 | D:4      | Found a large runed translucent door.
  3369 | D:4      | Found a large runed translucent door.
  3376 | D:4      | Noticed an orc warrior
  3392 | D:4      | Reached skill level 5 in Fighting
  3438 | D:4      | Reached XP level 7. HP: 53/61 MP: 6/6
  3475 | D:4      | Found a large runed translucent door.
  3475 | D:4      | Noticed Eustachio
  3476 | D:4      | Found a large runed translucent door.
  3486 | D:4      | Killed Eustachio
  3487 | D:4      | Reached skill level 7 in Axes
  3691 | D:4      | Found a staircase to the Ecumenical Temple.
  3703 | Temple   | Entered the Ecumenical Temple
  3789 | Temple   | Became a worshipper of Warmaster Okawaru
  3905 | D:4      | Identified the +5 rapier of Fortitude {heavy, Contam
                  | *Corrode rElec Str+8}
  4009 | D:4      | Reached skill level 1 in Throwing
  4038 | D:4      | Identified the +3 great mace "Qiygeulu" {drain, Fly rPois
                  | Str+5}
  4111 | D:3      | Killed hackum's ghost
  4112 | D:3      | Reached skill level 8 in Axes
  4112 | D:3      | Reached skill level 5 in Shields
  4112 | D:3      | Reached XP level 8. HP: 55/69 MP: 7/7
  4172 | D:5      | Entered Level 5 of the Dungeon
  4338 | D:5      | Noticed Prince Ribbit
  4347 | D:5      | Killed Prince Ribbit
  4383 | D:5      | Reached * piety under Okawaru
  4384 | D:5      | Reached skill level 9 in Axes
  4763 | D:5      | Reached ** piety under Okawaru
  4764 | D:5      | Reached XP level 9. HP: 68/75 MP: 8/8
  4766 | D:5      | Reached skill level 10 in Axes
  4871 | D:5      | Reached skill level 1 in Stealth
  5158 | D:6      | Reached skill level 11 in Axes
  5160 | D:6      | Found a shimmering altar of Xom.
  5831 | D:7      | Found a hide-covered altar of Uskayaw.
  5832 | D:7      | Found a glowing golden altar of the Shining One.
  5832 | D:7      | Found a blossoming altar of Fedhas.
  6100 | D:7      | Found Xac Hyvi's Weapon Boutique.
  6515 | D:8      | Noticed Pikel
  6525 | D:8      | Killed Pikel
  6526 | D:8      | Reached skill level 12 in Axes
  6585 | D:8      | Reached XP level 10. HP: 81/84 MP: 7/9
  6742 | D:8      | Found a burning altar of Makhleb.
  6771 | D:8      | Reached *** piety under Okawaru
  6922 | D:8      | Found a white marble altar of Elyvilon.
  6980 | D:8      | Found an opulent altar of Gozag.
  7198 | D:9      | Identified the +8 spear of the Magic Mushroom {speed,
                  | *Noise rElec rCorr SInv}
  7283 | D:9      | Reached skill level 1 in Invocations
  7598 | D:10     | Entered Level 10 of the Dungeon
  7641 | D:10     | Found a stormy altar of Qazlal.
  7740 | D:10     | Reached skill level 13 in Axes
  7829 | D:10     | Noticed a manticore
  7849 | D:10     | Found a broken altar of Ashenzari.
  7899 | D:10     | Noticed Fannar
  7915 | D:10     | Killed Fannar
  7915 | D:10     | Reached **** piety under Okawaru
  7920 | D:10     | Noticed Maurice
  7924 | D:10     | Killed Maurice
  7925 | D:10     | Reached XP level 11. HP: 83/97 MP: 9/11
  8000 | D:10     | Reached skill level 14 in Axes
  8015 | D:10     | Found Taadir's Weapon Shoppe.
  8017 | D:10     | Found a staircase to the Orcish Mines.
  8146 | D:10     | Reached ***** piety under Okawaru
  8316 | D:10     | Identified the ring of Faschyz {Dex+6 Slay+2 SInv}
  8360 | D:10     | Got the Anthology of Transmutation
  8596 | D:10     | Found a sacrificial altar of Ru.
  8888 | D:11     | Found a gate leading to a gauntlet.
  8894 | Gauntlet | Entered a Gauntlet
  8894 | Gauntlet | Found a transporter.
  8894 | Gauntlet | Found a transporter.
  8894 | Gauntlet | Found a transporter.
  8895 | Gauntlet | Found a transporter.
  8898 | Gauntlet | Found a transporter.
  8903 | Gauntlet | Found a large runed translucent door.
  8904 | Gauntlet | Found a large runed translucent door.
  8905 | Gauntlet | Found a large runed translucent door.
  8905 | Gauntlet | Found a large runed translucent door.
  8905 | Gauntlet | Found a runed translucent door.
  8906 | Gauntlet | Found a large runed translucent door.
  8913 | Gauntlet | Found a transporter.
  8929 | Gauntlet | Found a transporter.
  8933 | Gauntlet | Found a transporter.
  8940 | Gauntlet | Found a transporter.
  8947 | Gauntlet | Noticed a death scarab
  8947 | Gauntlet | Noticed a death scarab
  8952 | Gauntlet | Found a runed translucent door.
  8953 | Gauntlet | Found a large runed translucent door.
  8953 | Gauntlet | Found a large runed translucent door.
  8953 | Gauntlet | Found a large runed translucent door.
  8954 | Gauntlet | Found a large runed translucent door.
  8988 | Gauntlet | Found a large runed translucent door.
  8990 | Gauntlet | Found a large runed translucent door.
  8991 | Gauntlet | Found a large runed translucent door.
  8991 | Gauntlet | Found a large runed translucent door.
  8992 | Gauntlet | Found a runed translucent gate.
  8992 | Gauntlet | Found a runed translucent gate.
  8992 | Gauntlet | Found a runed translucent gate.
  8994 | Gauntlet | Found a transporter.
  8994 | Gauntlet | Noticed a dire elephant
  9003 | Gauntlet | Found a large runed translucent door.
  9004 | Gauntlet | Found a large runed translucent door.
  9005 | Gauntlet | Found a large runed translucent door.
  9015 | Gauntlet | Found a transporter.
  9029 | Gauntlet | Found a transporter.
  9238 | Gauntlet | Reached skill level 10 in Fighting
  9293 | Gauntlet | Noticed a bog body
  9293 | Gauntlet | Noticed a bog body
  9293 | Gauntlet | Noticed a goliath frog
  9388 | Gauntlet | Noticed a deep elf knight
  9388 | Gauntlet | Noticed a deep elf knight
  9388 | Gauntlet | Noticed a deep elf zephyrmancer
  9395 | Gauntlet | Noticed a deep elf zephyrmancer
  9395 | Gauntlet | Noticed a deep elf pyromancer
  9395 | Gauntlet | Noticed a deep elf pyromancer
  9469 | Gauntlet | Received a gift from Okawaru
  9470 | Gauntlet | Reached skill level 10 in Armour
  9686 | Gauntlet | Noticed a minotaur
  9697 | Gauntlet | Killed a minotaur
  9881 | Gauntlet | Identified the ring "Ysiel" {rN+ Dex+2 SInv}
  9881 | Gauntlet | Identified the ring "Sagral" {Will+ Str+2}
  9933 | D:11     | Found the +6 shillelagh "Devastator" {shatter}
  9952 | D:11     | Reached skill level 15 in Axes
 10082 | D:11     | Found a staircase to the Lair.
 10361 | D:11     | Identified the +10 spear of Diet Blood {freeze, +Blink
                  | rPois Dex-4}
 11123 | Lair:1   | Entered Level 1 of the Lair of Beasts
 11273 | Lair:1   | Reached XP level 12. HP: 102/107 MP: 12/12
 11327 | Lair:1   | Reached skill level 10 in Shields
 12279 | Lair:2   | Reached skill level 16 in Axes
 12370 | Lair:2   | Noticed a four-headed hydra
 12386 | Lair:2   | HP: 5/110 [20-headed hydra (5)]
 12388 | Lair:2   | Slain by a 20-headed hydra

Illustrated notes

Levels and vault maps discovered:
D:1:      ebering_trefoil_3fold, layout_basic, ebering_ecumenical_altar_rust,
          minmay_pentomino_t2
D:2:      minmay_evil_eye, layout_loops_ring, uniq_jessica
D:3:      layout_loops_cross, ebering_ghost_sewer_d, gup_sewer_entry_bowl
D:4:      layout_basic, minmay_temple_entry_glassed_door,
          minmay_hollow_rounded_squares, uniq_blork_the_orc, uniq_eustachio,
          uniq_ijyb
D:5:      cheibrodos_fertilizer, layout_basic, serial_bayou,
          serial_bayou_pond_c, serial_bayou_crossing, serial_bayou_pond_a,
          serial_bayou_pond_c, uniq_prince_ribbit1
D:6:      minmay_flawed_box, layout_cave_pools, xom_butterflies,
          minmay_misc_feat_roman, ebering_dispersal_statue_hall,
          minmay_misc_feat_iff
D:7:      layout_basic, chequers_temple_overflow_statue_of_worship,
          serial_shops, shop
D:8:      layout_rooms, lightli_temple_of_fire, general_overflow_altar,
          nicolae_elyvilon_peaceful_grove, uniq_pikel
D:9:      layout_cave_pools
D:10:     layout_loops_ring, nicolae_ashenzari_skybound, lemuel_round_altar,
          amcnicky_altar_gilded, orc_david_3, kb_lookout_dungeons_type,
          uniq_fannar, uniq_maurice
D:11:     minmay_general_purpose_star, layout_layer_cave, lair_entry_dummy,
          gauntlet_entry_generic
Temple:   hellmonk_temple_forest_ring
Lair:1:   layout_gridlike, grunt_megastairs_3
Lair:2:   layout_cave_pods, palyth_hydra_swamp_entry

Skill      XL: |  1  2  3  4  5  6  7  8  9 10 11 12 |
---------------+-------------------------------------+-----
Axes           | 3 4 5 6 8 9 12 13 15 16 | 16.0
Fighting       | 4 5 6 9 10 11 | 11.0
Armour         | 4 5 6 7 8 9 10 11 | 11.3
Dodging        | 1 2 3 |  3.3
Shields        | 4 5 7 8 9 10 | 10.4
Throwing       | 1 |  1.7
Stealth        | 1 2 |  2.5
Invocations    | 1 |  1.6

Action                     |  1- 3 |  4- 6 |  7- 9 | 10-12 || total
---------------------------+-------+-------+-------+-------++-------
  Melee: War axe           |    72 |   164 |   172 |   256 ||   664
         Headbutt          |    10 |    18 |    37 |    63 ||   128
  Throw: Stone             |     5 |     9 |    19 |     7 ||    40
 Invoke: Heroism           |       |       |     3 |     9 ||    12
    Use: Scroll            |       |    12 |    10 |     7 ||    29
         Potion            |       |       |       |     1 ||     1
   Stab: Distracted        |       |       |     2 |     4 ||     6
 Armour: Scale mail        |    34 |    91 |    12 |       ||   137
         Plate armour      |       |       |    61 |   194 ||   255
  Dodge: Dodged            |    27 |   110 |    29 |    80 ||   246
  Block: Buckler           |    13 |    42 |     6 |       ||    61
         Tower shield      |       |       |    73 |   266 ||   339

Table legend: (Time is in decaauts)
 A = Elapsed time spent in this place.
 B = Non-inter-level travel time spent in this place.
 C = Inter-level travel time spent in this place.
 D = Time resting spent in this place.
 E = Time spent auto-exploring this place.
 F = Levels seen in this place.
 G = Mean time per level.
                   A        B        C        D        E       F      G
               +--------+--------+--------+--------+--------+-----+--------+
         Total |  12562 |  12213 |    349 |    365 |   9112 |  16 |  785.1 |
       Dungeon |   9617 |   9314 |    303 |    171 |   7191 |  11 |  874.3 |
        Temple |    168 |    154 |     14 |      0 |    141 |   1 |  168.0 |
          Lair |   1259 |   1229 |     30 |      0 |   1056 |   2 |  629.5 |
         Sewer |    527 |    527 |      0 |      0 |    364 |   1 |  527.0 |
      Gauntlet |    988 |    988 |      0 |    194 |    360 |   1 |  988.0 |
               +--------+--------+--------+--------+--------+-----+--------+

Top non-repeatable levels by time:
    D:11: 1390 daAuts
    D:10: 1142 daAuts
  Lair:1: 1046 daAuts
     D:3: 1028 daAuts
     D:5: 1022 daAuts
Gauntlet: 988 daAuts
     D:2: 918 daAuts
     D:1: 829 daAuts
     D:4: 828 daAuts
     D:7: 717 daAuts
     D:6: 655 daAuts
     D:8: 599 daAuts
   Sewer: 527 daAuts
     D:9: 487 daAuts
  Lair:2: 213 daAuts
